 Dungeon Crawl Stone Soup version 0.22.1-1-ga44c0e5 (webtiles) character file.

58 Monsterracer the Insei (level 3, 0/28 HPs)
             Began as a Demigod Transmuter on Sept 30, 2018.
             Succumbed to an adder's poison
             ... on level 2 of the Dungeon.
             The game lasted 00:01:43 (1807 turns).

Monsterracer the Insei (Demigod Transmuter)         Turns: 1807, Time: 00:01:44

Health: 0/28       AC:  4    Str: 11 (13) XL:     3   Next: 52%
Magic:  8/8        EV: 12    Int: 16 (19) God:
Gold:   52         SH:  0    Dex: 15 (16) Spells: 2/5 levels left

rFire    . . .     SeeInvis .     - Unarmed
rCold    . . .     Gourm    .   (no shield)
rNeg     . . .     Faith    .   b - +0 robe
rPois    .         Spirit   .   (no helmet)
rElec    .         Reflect  .   (no cloak)
rCorr    .         Harm     .   (no gloves)
MR       .....                  (no boots)
Stlth    +.........             (no amulet)
HPRegen  0.09/turn              (no ring)
MPRegen  0.11/turn              (no ring)

@: lethally poisoned (0 -> -2), flying
A: fangs 1, thin metallic scales 1, high mp 1, wild magic 1
a: no special abilities


You were on level 2 of the Dungeon.
You were not hungry.

You visited 1 branch of the dungeon, and saw 2 of its levels.

You collected 52 gold pieces.

Inventory:

Missiles
 a - 10 arrows
Armour
 b - a +0 robe (worn)
Scrolls
 d - 4 scrolls of remove curse
 e - 2 scrolls of magic mapping {unknown}
 f - a scroll of teleportation {unknown}
 g - 2 scrolls of fear {unknown}
 h - a scroll of identify
 j - a scroll of amnesia {unknown}
 l - a scroll of enchant armour {unknown}
Comestibles
 c - 4 rations


   Skills:
 + Level 1.1 Fighting
 - Level 1.7 Dodging
 * Level 3.5 Unarmed Combat
 - Level 1.7 Spellcasting
 * Level 2.9 Transmutations


You had 2 spell levels left.
You knew the following spells:

 Your Spells              Type           Power        Failure   Level  Hunger
a - Sticks to Snakes      Tmut           ##......     14%         2    ###....
j - Beastly Appendage     Tmut           ##....       10%         1    ##.....

Your spell library contained the following spells:

 Spells                   Type           Power        Failure   Level  Hunger
 Spider Form              Tmut/Pois      #.........   43%         3    ####...
 Ice Form                 Ice/Tmut       #.......     82%         4    #####..
 Blade Hands              Tmut           ##........   91%         5    ######.


Dungeon Overview and Level Annotations

Branches:
Dungeon (2/15)


Innate Abilities, Weirdness & Mutations

You have an increased reservoir of magic. (+10% MP)
You have very sharp teeth.
You are partially covered in thin metallic scales. (AC +2)
Your spells are a little harder to cast, but a little more powerful.


Message History

You feel sick. The bat barely misses you.
You take 1 damage, and have 18/28 hp.
The bat barely misses you. The bat barely misses you.
The bat closely misses you. The adder bites you.
You are more poisoned.
The adder poisons you!
You take 2 damage, and have 16/28 hp.
You feel sick. The bat misses you.
You take 1 damage, and have 15/28 hp.
You feel sick. The adder bites you.
* * * LOW HITPOINT WARNING * * *
You are lethally poisoned!
The adder poisons you!
You take 2 damage, and have 13/28 hp.
Casting: Beastly Appendage (safe; 5% risk of failure)
Confirm with . or Enter, or press ? or * to list all spells.
You create a snake!
You now have 10 arrows.
* * * LOW HITPOINT WARNING * * *
You feel sick. The adder barely misses you.
You take 1 damage, and have 12/28 hp.
You now have 5/8 mp.
Unknown command.
You swap places.
* * * LOW HITPOINT WARNING * * *
You feel sick. The adder bites your water moccasin.
Your water moccasin barely misses the adder.
You take 1 damage, and have 11/28 hp.
Okay, then.
It was a potion of degeneration.
There was something very wrong with that liquid.
You feel weakened.
You feel dopey.
You feel clumsy.
* * * LOW HITPOINT WARNING * * *
You feel sick. The adder misses your water moccasin.
Your water moccasin barely misses the adder.
You take 1 damage, and have 10/28 hp.
It was a potion of mutation.
You feel extremely strange.
You feel less in control of your magic.
Your teeth lengthen and sharpen.
Thin metallic scales grow over part of your body.
Your transformation is almost over.
* * * LOW HITPOINT WARNING * * *
You feel sick.
Your water moccasin bites the adder but does no damage.
The adder misses your water moccasin.
Your water moccasin completely misses the adder.
The adder misses your water moccasin.
You take 1 damage, and have 9/28 hp.
It was a potion of flight.
You feel very buoyant.
You fly up into the air.
* * * LOW HITPOINT WARNING * * *
You feel sick.
Your water moccasin bites the adder.
The adder is poisoned.
Your water moccasin poisons the adder!
The adder bites your water moccasin but does no damage.
You take 1 damage, and have 8/28 hp.
Unknown command.
* * * LOW HITPOINT WARNING * * *
You feel sick.
Your water moccasin bites the adder!
The adder dies!
Your water moccasin bites the bat.
The bat dies!
You take 1 damage, and have 7/28 hp.
Unknown command.
* * * LOW HITPOINT WARNING * * *
You feel sick.
You take 1 damage, and have 6/28 hp.
You swap places.
* * * LOW HITPOINT WARNING * * *
You feel sick.
Your magical contamination has completely faded away.
You see here a bat corpse.
Unknown command.
* * * LOW HITPOINT WARNING * * *
You feel sick.
You take 1 damage, and have 5/28 hp.
Your talons disappear.
Unknown command.
* * * LOW HITPOINT WARNING * * *
You feel sick.
You take 1 damage, and have 4/28 hp.
* * * LOW HITPOINT WARNING * * *
You feel sick.
You take 1 damage, and have 3/28 hp.
Unknown command.
You see here a scroll labeled MYBIMI ESAEQON.
As you read the scroll labeled MYBIMI ESAEQON, it crumbles to dust.
It is a scroll of identify.
d - 4 scrolls of remove curse
* * * LOW HITPOINT WARNING * * *
You feel sick.
You take 1 damage, and have 2/28 hp.
There is a lethal amount of poison in your body!
* * * LOW HITPOINT WARNING * * *
You feel sick.
You take 1 damage, and have 2/28 hp.
Unknown command.
* * * LOW HITPOINT WARNING * * *
You feel sick.
You take 1 damage, and have 1/28 hp.
MP restored: 8 Unknown command.
You die...

###.##.# #.....
#....### #....#
####...# #....#
##### #....# #....##
#.....## ##.....##
#.......# #..S.@..#
############.......#
...)......†.......##
############.......#
#.......# #.......#
##.....## ##...##
#####


You could see a friendly water moccasin.

Vanquished Creatures
  2 adders (D:2)
  A dart slug (D:1)
  A leopard gecko (D:1)
  2 giant cockroaches (D:1)
  6 goblins
  4 hobgoblins (D:1)
  5 jackals (D:1)
  3 kobolds (D:1)
  4 bats
  2 rats (D:1)
30 creatures vanquished.

Vanquished Creatures (collateral kills)
  An adder (D:2)
  A bat (D:2)
2 creatures vanquished.

Grand Total: 32 creatures vanquished

Notes
Turn   | Place    | Note
-------+----------+-------------------------------------------
     0 | D:1      | Monsterracer the Demigod Transmuter began the quest for the
                  | Orb.
     0 | D:1      | Reached XP level 1. HP: 15/15 MP: 5/5
    90 | D:1      | HP: 7/15 [hobgoblin/club (3)]
    95 | D:1      | HP: 4/15 [jackal (2)]
   104 | D:1      | HP: 2/15 [hobgoblin/club (1)]
   106 | D:1      | Reached skill level 3 in Unarmed Combat
   386 | D:1      | Reached XP level 2. HP: 18/22 MP: 5/7
  1006 | D:1      | HP: 10/22 [kobold/stone (2)]
  1013 | D:1      | Learned a level 2 spell: Sticks to Snakes
  1446 | D:1      | Reached XP level 3. HP: 24/27 MP: 6/8
  1599 | D:2      | Reached skill level 1 in Fighting
  1778 | D:2      | HP: 14/28 [poisoned by an adder]
  1782 | D:2      | Gained mutation: Your spells are a little harder to cast,
                  | but a little more powerful. [potion of mutation]
  1782 | D:2      | Gained mutation: You have very sharp teeth. [potion of
                  | mutation]
  1782 | D:2      | Gained mutation: You are partially covered in thin metallic
                  | scales. (AC +2) [potion of mutation]
  1783 | D:2      | HP: 8/28 [poisoned by an adder]
  1789 | D:2      | HP: 5/28 [poisoned by an adder]
  1796 | D:2      | HP: 2/28 [poisoned by an adder]
  1803 | D:2      | HP: 1/28 [poisoned by an adder]
  1807 | D:2      | Succumbed to an adder's poison

Skill      XL: |  1  2  3 |
---------------+----------+-----
Transmutations | 2 |  2.9
Unarmed Combat | 3 |  3.5
Fighting       | 1 |  1.1
Dodging        | |  1.7
Spellcasting   | |  1.7

Action                   || total
-------------------------++-------
Melee: Unarmed           ||    93
       Headbutt          ||    10
       Kick              ||     6
 Cast: Beastly Appendage ||    14
       Sticks to Snakes  ||     2
  Use: Potion            ||     3
       Scroll            ||     1
  Eat: Chunk             ||     3
Armor: Robe              ||    19
Dodge: Dodged            ||    72

Vault maps used:
D:1:      dpeg_arrival_concentric_ovals, corexii_item_surrounded_by_moat
D:2:      minitemple
